 Dungeon Crawl Stone Soup version 0.30-a0-937-ga0a21ad780 (webtiles) character file.

Game seed: 13029306470586221515

502 iguanaiguana the Digger (level 6, -2/48 HPs)
             Began as an Armataur Earth Elementalist on Mar 24, 2023.
             Was a Follower of Cheibriados.
             Slain by a mummy (12 damage)
             ... in an ossuary.
             The game lasted 00:13:07 (1546 turns).

iguanaiguana the Digger (AtEE)                      Turns: 1546, Time: 00:13:07

Health: -2/48      AC:  4    Str: 16    XL:     6   Next: 95%
Magic:  3/8        EV: 10    Int: 20    God:    Cheibriados [*.....]
Gold:   77         SH:  0    Dex: 14    Spells: 4/8 levels left

rFire   . . .      SeeInvis .    g - +1 spear (venom)
rCold   . . .      Faith    .    (no shield)
rNeg    . . .      Spirit   .    a - +0 robe
rPois   .          Reflect  .    (no helmet)
rElec   .          Roll     +    (no cloak)
rCorr   .                        (no gloves)
Will    .....                    (no barding)
Stlth   ++                       (no amulet)
HPRegen 0.28/turn                (no ring)
MPRegen 0.11/turn                (no ring)

@: mighty, very slow
A: large, rugged brown scales 3, deformed body, armoured tail, roll, long
tongue, awkward tongue
a: Renounce Religion, Bend Time


You were in an ossuary.
You worshipped Cheibriados.
Cheibriados was aware of your devotion.
You visited 1 branch of the dungeon, and saw 5 of its levels.
You also visited: Ossuary.

You collected 105 gold pieces.
You spent 28 gold pieces at shops.

Inventory:

Hand Weapons
 g - a +1 spear of venom (weapon)
Missiles
 p - 3 poisoned darts (quivered)
Armour
 a - a +0 robe (worn)
Wands
 e - a wand of mindburst (15)
 o - a wand of roots (11)
Scrolls
 c - a scroll of immolation {unknown}
 d - a scroll of noise {unknown}
 i - a scroll of teleportation {@r3}
 j - a scroll of fog {unknown}
 n - a scroll of poison {unknown}
Potions
 b - a potion of magic
 f - a potion of flight
 h - a potion of cancellation
 k - a potion of might {@q3}
 l - a potion of heal wounds {@q2}
 m - a potion of curing {@q1}


   Skills:
 - Level 1.3 Dodging
 - Level 2.1 Stealth
 - Level 1.7 Spellcasting
 * Level 3.8 Conjurations
 - Level 0.8 Transmutations
 - Level 6.0 Earth Magic


You had 4 spell levels left.
You knew the following spells:

 Your Spells              Type           Power      Damage    Failure   Level
a - Sandblast             Erth           50%        2d12      1%          1
b - Stone Arrow           Conj/Erth      42%        3d9       6%          3

Your spell library contained the following spells:

 Spells                   Type           Power      Damage    Failure   Level
 Magic Dart               Conj           68%        1d6       3%          1
 Passwall                 Tmut/Erth      12%        N/A       6%          2
 Call Imp                 Summ           1%         N/A       24%         2
 Ensorcelled Hibernation  Hex/Ice        2%         N/A       24%         2
 Mephitic Cloud           Conj/Pois/Air  6%         N/A       28%         3
 Petrify                  Tmut/Erth      15%        N/A       36%         4
 Swiftness                Air            1%         N/A       43%         3


Dungeon Overview and Level Annotations

Branches:
Dungeon (5/15) Zot: 40462  Temple (0/1) D:4         Ossuary (1/1) Zot: 8953

Altars:
Cheibriados
Hepliaklqana
Makhleb
Yredelemnul

Shops:
D:2 ?[:(!   D:4 (


Innate Abilities, Weirdness & Mutations

You are completely covered in rugged brown scales. (AC +3, +7% HP)
Armour fits poorly on your strangely shaped body.
You have a long armoured tail.
You roll when moving toward enemies. (Rampage)
Your long tongue fully drains potion bottles. (2x potion effects)
Your tongue gives you trouble enunciating. (1.5x scroll delay)


Message History

Aim: an elf zombie (severely damaged, 83% to hit)
The blast of sand hits the elf zombie!!
You destroy the elf zombie!
Cheibriados appreciates the change of pace.
You puncture the elf zombie!
The elf zombie is lightly damaged.
The elf zombie hits you.
You closely miss the elf zombie.
The elf zombie is lightly damaged.
The elf zombie hits you.
You hit the elf zombie.
The elf zombie is lightly damaged.
The elf zombie hits you!
* * * LOW HITPOINT WARNING * * *
You puncture the elf zombie!
The elf zombie is moderately damaged.
The elf zombie hits you.
* * * LOW HITPOINT WARNING * * *
You hit the elf zombie. You tail-slap the elf zombie!
The elf zombie is heavily damaged.
The elf zombie hits you.
* * * LOW HITPOINT WARNING * * *
As you slowly read the scroll labelled DELOLO XASYWOESI, it crumbles to dust.
You feel strangely unstable.
It was a scroll of teleportation.
The hobgoblin zombie hits you.
* * * LOW HITPOINT WARNING * * *
The elf zombie hits you.
* * * LOW HITPOINT WARNING * * *
You closely miss the elf zombie.
The elf zombie is heavily damaged.
The elf zombie hits you.
* * * LOW HITPOINT WARNING * * *
The elf zombie attacks as you move away!
The elf zombie hits you.
* * * LOW HITPOINT WARNING * * *
Your surroundings suddenly seem different.
A mummy comes into view.
Found four items.
The mummy hits you!
You die...

############
........#!!#
........#!!#
........#'##
.......M@..#
............Z......#
............##.....#
.......Z.... #.....#
..........Z........#
...................#
................#..#
...............# ..#
....∩.........


You could see a mummy and an orc zombie.

Vanquished Creatures
  An ogre (D:4)
  2 phantoms
  An elf zombie (Ossuary)
  A scorpion (D:5)
  A human zombie (Ossuary)
  A gnoll (D:3)
  3 adders (D:4)
  A white imp (D:4)
  A worm (D:3)
  A dart slug (D:3)
  4 bats
  4 endoplasms
  6 giant cockroaches
  6 goblins
  6 hobgoblins
  8 jackals
  2 kobolds
  4 quokkas
  5 ball pythons
  2 frilled lizards (D:2)
  A gnoll zombie (Ossuary)
  4 rats
  A rat zombie (Ossuary)
66 creatures vanquished.

Notes
Turn   | Place    | Note
-------+----------+-------------------------------------------
     0 | D:1      | iguanaiguana the Armataur Earth Elementalist began the
                  | quest for the Orb.
     0 | D:1      | Reached XP level 1. HP: 14/14 MP: 3/3
    59 | D:2      | Found Fav Zish's Magic Scroll Boutique.
    87 | D:2      | Reached skill level 3 in Earth Magic
   125 | D:2      | Found Detrue's Armour Shop.
   135 | D:2      | Reached XP level 2. HP: 21/21 MP: 1/4
   136 | D:2      | Found Boila's Book Boutique.
   397 | D:3      | Reached skill level 4 in Earth Magic
   397 | D:3      | Reached XP level 3. HP: 22/27 MP: 3/5
   401 | D:3      | Learned a level 3 spell: Stone Arrow
   528 | D:4      | Found a basalt altar of Yredelemnul.
   529 | D:4      | Found a burning altar of Makhleb.
   531 | D:4      | Found a snail-covered altar of Cheibriados.
   532 | D:4      | Found a hazy altar of Hepliaklqana.
   535 | D:4      | Became a worshipper of Cheibriados the Contemplative
   591 | D:4      | Noticed a phantom
   603 | D:4      | Killed a phantom
   604 | D:4      | Reached skill level 5 in Earth Magic
   604 | D:4      | Reached XP level 4. HP: 35/35 MP: 6/6
   696 | D:2      | Found Sunol's Antique Weapon Shop.
   797 | D:2      | Found Qixton's Distillery.
   804 | D:2      | Reached XP level 5. HP: 40/40 MP: 7/7
   854 | D:1      | Reached * piety under Cheibriados
   978 | D:2      | Bought a scroll of identify for 28 gold pieces
  1252 | D:4      | Found Fyricwidgh's Weapon Emporium.
  1359 | D:4      | Noticed an ogre
  1365 | D:4      | Killed an ogre
  1366 | D:4      | Reached skill level 6 in Earth Magic
  1401 | D:4      | Reached skill level 1 in Conjurations
  1421 | D:4      | Reached XP level 6. HP: 42/48 MP: 5/8
  1447 | D:4      | Found a staircase to the Ecumenical Temple.
  1482 | D:5      | Entered Level 5 of the Dungeon
  1505 | D:5      | Found a sand-covered staircase.
  1510 | Ossuary  | Entered an ossuary
  1546 | Ossuary  | Slain by a mummy

Illustrated notes

Levels and vault maps discovered:
D:1:      lemuel_arrival_muddy, layout_basic,
          shapermc_ecumenical_altar_notcrosses, chequers_serial_rivers_micro_b,
          minmay_hexomino_p4
D:2:      layout_basic, serial_shops, shop, nicolae_shop_trees,
          nicolae_shop_statue_plus, shop_fountains, nicolae_diamond_shop
D:3:      layout_loops_ring
D:4:      layout_layer_cave, minitemple, temple_doors_cd, serial_shops,
          nicolae_shop_bloodbath_and_beyond
D:5:      layout_basic, enter_ossuary_2
Ossuary:  ossuary_minmay_tomb_2a

Skill      XL: |  1  2  3  4  5  6 |
---------------+-------------------+-----
Earth Magic    | 3 4 5 6 |  6.0
Conjurations   | 1 3 |  3.8
Dodging        | |  1.3
Stealth        | |  2.1
Spellcasting   | |  1.7
Transmutations | |  0.8

Action                     |  1- 3 |  4- 6 || total
---------------------------+-------+-------++-------
  Melee: Unarmed           |    31 |       ||    31
         Tailslap          |     6 |     9 ||    15
         Spear             |    20 |    59 ||    79
         Punch             |       |     1 ||     1
   Cast: Sandblast         |    24 |    25 ||    49
         Stone Arrow       |       |     1 ||     1
  Evoke: Wand              |       |     5 ||     5
    Use: Potion            |     2 |     2 ||     4
         Scroll            |       |     5 ||     5
   Stab: Sleeping          |     1 |     4 ||     5
 Armour: Robe              |    28 |    31 ||    59
  Dodge: Dodged            |    33 |    49 ||    82

Table legend: (Time is in decaauts)
 A = Elapsed time spent in this place.
 B = Non-inter-level travel time spent in this place.
 C = Inter-level travel time spent in this place.
 D = Time resting spent in this place.
 E = Time spent auto-exploring this place.
 F = Levels seen in this place.
 G = Mean time per level.
                   A        B        C        D        E       F      G
               +--------+--------+--------+--------+--------+-----+--------+
         Total |   1899 |   1726 |    173 |      0 |      0 |   6 |  316.5 |
       Dungeon |   1854 |   1681 |    173 |      0 |      0 |   5 |  370.8 |
       Ossuary |     45 |     45 |      0 |      0 |      0 |   1 |   45.0 |
               +--------+--------+--------+--------+--------+-----+--------+

Top non-repeatable levels by time:
     D:4: 625 daAuts
     D:2: 518 daAuts
     D:3: 349 daAuts
     D:1: 323 daAuts
 Ossuary: 45 daAuts
     D:5: 37 daAuts
